Map: Polka LE

Players

Massa

  • Race: Terran Terran
  • League: Platinum
  • Spawn Location: 5:00

qqq

  • Race: Zerg Zerg
  • League: Platinum
  • Spawn Location: 5:00

Weatherwax - Winner!

  • Race: Terran Terran
  • Spawn Location: 11:00

Rhano - Winner!

  • Race: Terran Terran
  • Spawn Location: 11:00

VOD

Have the link to the VOD?

Description

Time

  • Played on: Dec. 29, 2020, 3:42 p.m.
  • Length: 13:27
Show
View Real Time Build Order
Export as new Build Order

Massa Terran 

Build Orders:  

Get SALT Encoding   

  12  0:00  SCV  
  13  0:12  SCV  
  14  0:18  Supply Depot  
  14  0:24  SCV  
  15  0:40  SCV  
  15  0:41  Barracks  
  16  0:51  Refinery  
  16  0:52  SCV  
  17  1:03  Refinery  
  17  1:04  SCV  
  18  1:16  SCV  
  19  1:28  SCV  
  19  1:29  Marine  
  21  1:39  Supply Depot  
  21  1:40  SCV  
  21  1:43  Factory  
  22  1:52  Orbital Command  
  22  1:57  Reaper  
  24  2:28  Marine  
  24  2:29  Command Center  
  24  2:35  SCV  
  25  2:45  Supply Depot  
  25  2:47  Barracks Tech Lab  
  25  2:49  Hellion  
  27  2:54  Supply Depot  
  27  3:02  Supply Depot  
  27  3:10  Hellion  
  27  3:11  Stimpack  
  29  3:13  Marine  
  29  3:16  SCV  
  31  3:25  Engineering Bay  
  31  3:28  SCV  
  31  3:33  Widow Mine  
  32  3:51  SCV  
  32  3:52  Orbital Command  
  32  3:54  Widow Mine  
  31  4:24  Widow Mine  
  31  4:25  SCV x2  
  33  4:37  SCV x2  
  33  4:39  Marauder  
  33  4:57  SCV x2  
  33  5:00  Marauder  
  33  5:03  Barracks  
  33  5:05  Factory  
  35  5:09  SCV  
  35  5:13  Barracks  
  36  5:15  Barracks  
  36  5:17  Concussive Shells  
  36  5:22  Marauder  
  36  5:27  SCV  
  39  5:29  Refinery  
  39  5:31  Refinery  
  39  5:34  Starport  
  39  5:36  Missile Turret  
  39  5:39  SCV  
  39  5:42  Supply Depot  
  40  5:44  Missile Turret  
  40  5:49  Factory Tech Lab  
  37  5:51  Marine  
  37  5:56  Missile Turret  
  35  6:08  Cyclone  
  35  6:09  Marine  
  36  6:27  Marine  
  37  6:45  Marine  
  37  6:52  SCV x2  
  39  7:01  Barracks Tech Lab  
  39  7:02  Barracks Reactor, Marine  
  39  7:04  SCV x2  
  42  7:20  Marine  
  43  7:30  Marauder, Marine  
  46  7:39  Marauder  
  48  7:45  Combat Shield  
  48  7:46  Terran Infantry Weapons Level 1  
  48  7:48  Marine  
  49  7:51  Armory, Medivac  
  49  7:52  Marauder, Missile Turret  
  53  7:59  Marine  
  54  8:07  Command Center  
  54  8:09  SCV x2  
  56  8:13  Marauder, Marine x2, Command Center  
  56  8:17  Barracks Tech Lab  
  56  8:18  Marauder, Siege Tank  
  65  8:21  SCV x2  
  67  8:33  SCV x2  
  69  8:45  SCV  
  70  8:56  Supply Depot x2  
  70  8:57  Supply Depot  
  70  9:03  Engineering Bay  
  70  9:18  SCV x2, Siege Tank  
  70  9:20  Missile Turret  
  70  9:21  SCV, Supply Depot x2  
  76  9:24  Planetary Fortress  
  76  9:27  Marauder, Missile Turret  
  76  9:28  Marine  
  76  9:30  SCV x2  
  81  9:33  SCV  
  82  9:42  SCV x2  
  82  9:45  Starport Tech Lab  
  84  9:51  Marauder  
  86  9:54  SCV  
  87  10:03  Marauder x2  
  91  10:12  SCV x2  
  91  10:13  SCV x2, Sensor Tower  
  94  10:21  Raven  
  94  10:24  SCV  
  94  10:25  SCV  
  89  10:57  Engineering Bay  
  89  10:58  Armory  
  89  11:02  Engineering Bay  
  83  11:43  Starport Tech Lab  
  83  11:45  Barracks Tech Lab  
  83  11:46  Barracks Tech Lab  
  80  12:17  SCV  
  80  12:18  SCV x3, Missile Turret  
  80  12:20  Refinery, Missile Turret x3  
  80  12:22  Refinery  
  84  12:24  Missile Turret  
  85  12:30  SCV x2  
  85  12:32  Missile Turret  
  85  12:35  Marauder x4  
  94  12:37  Missile Turret x2  
  94  12:38  Missile Turret  
  91  12:56  Marauder x4  
Show
View Real Time Build Order
Export as new Build Order

qqq Zerg 

Build Orders: Hatch First, Lurkers 

Get SALT Encoding   

  12  0:04  Drone  
  13  0:13  Drone  
  14  0:18  Overlord  
  14  0:48  Hatchery  
  13  0:52  Drone, Extractor  
  13  0:56  Drone  
  14  1:00  Drone  
  15  1:08  Drone  
  16  1:31  Spawning Pool  
  15  1:40  Drone x3  
  18  1:54  Overlord  
  18  2:04  Drone  
  18  2:05  Drone  
  19  2:19  Queen  
  19  2:20  Queen  
  23  2:22  Metabolic Boost  
  23  2:26  Drone  
  23  2:29  Drone  
  25  2:32  Drone  
  26  2:37  Zergling x2  
  26  2:38  Zergling x2  
  28  2:45  Drone  
  28  2:47  Drone  
  28  2:49  Zergling x2  
  31  2:54  Zergling x2  
  31  2:56  Overlord  
  32  3:08  Zergling x4, Evolution Chamber  
  33  3:14  Lair  
  33  3:16  Zergling x2  
  35  3:20  Zergling x2  
  35  3:29  Zergling x2  
  35  3:30  Zergling x2  
  35  3:31  Zergling x2  
  38  3:35  Zergling x4  
  38  3:37  Zergling x2  
  38  3:38  Drone  
  38  3:39  Drone  
  43  3:46  Zerg Melee Weapons Level 1  
  43  3:52  Zergling x2  
  42  4:20  Drone  
  42  4:21  Overlord x3  
  42  4:22  Extractor, Overlord  
  42  4:23  Drone  
  42  4:42  Spore Crawler  
  42  4:43  Spore Crawler  
  40  4:51  Spine Crawler  
  40  4:52  Spine Crawler  
  38  5:08  Zergling x4  
  38  5:09  Drone x3  
  38  5:10  Drone x2  
  38  5:11  Drone x7  
  52  5:24  Hydralisk Den  
  51  5:30  Drone, Infestation Pit  
  51  5:31  Drone, Evolution Chamber  
  51  5:32  Drone  
  51  5:34  Drone  
  50  5:56  Overseer  
  50  5:58  Zerg Ground Armor Level 1  
  50  5:59  Zerg Missile Weapons Level 1  
  50  6:24  Hydralisk x3  
  56  6:27  Drone x3  
  56  6:30  Extractor  
  56  6:32  Extractor  
  55  6:41  Queen  
  57  6:50  Drone  
  57  6:51  Drone  
  59  7:00  Drone  
  59  7:01  Drone x2  
  62  7:03  Muscular Augments  
  62  7:06  Lurker Den  
  59  7:43  Hydralisk x3  
  65  7:45  Drone x5, Hatchery  
  69  7:51  Hatchery  
  69  7:56  Drone  
  69  7:57  Hydralisk  
  71  8:02  Zerg Ground Armor Level 2  
  71  8:03  Hatchery  
  70  8:09  Hatchery  
  70  8:10  Hive  
  69  8:13  Lurker  
  69  8:15  Lurker  
  71  8:23  Drone x5  
  76  8:29  Overlord  
  76  8:54  Zerg Melee Weapons Level 2  
  76  8:55  Hydralisk  
  76  8:56  Hydralisk x5  
  88  9:04  Queen  
  88  9:09  Grooved Spines  
  90  9:11  Drone  
  90  9:12  Drone x2  
  83  9:26  Hydralisk x2  
  83  9:28  Hydralisk x3  
  83  9:30  Zergling x4  
  83  9:31  Zergling x2  
  96  9:32  Zergling x2  
  96  9:36  Spore Crawler  
  96  9:38  Spine Crawler  
  95  9:40  Drone x2  
  95  9:42  Drone  
  98  9:48  Lurker  
  98  9:52  Overlord x3  
  99  10:12  Lurker x3  
  102  10:26  Lurker x2  
  97  10:48  Lurker x2  
  99  10:54  Spore Crawler  
  99  10:55  Spore Crawler  
  99  10:56  Spine Crawler  
  96  10:57  Spine Crawler  
  96  10:59  Seismic Spines  
  96  11:00  Spine Crawler  
  96  11:02  Drone x6  
  96  11:03  Drone x6  
  106  11:05  Spine Crawler  
  105  11:16  Spine Crawler  
  105  11:17  Drone x3, Spore Crawler  
  106  11:22  Extractor  
  106  11:23  Extractor  
  104  11:25  Extractor  
  104  11:27  Extractor, Queen  
  104  11:29  Queen  
  106  11:33  Hydralisk x3  
  106  11:34  Hydralisk x4  
  106  11:35  Drone x2  
  106  11:36  Drone x2  
  124  11:56  Overlord x6  
  124  12:03  Spine Crawler  
  124  12:04  Spine Crawler  
  124  12:07  Spine Crawler  
  121  12:13  Queen  
  73  12:45  Drone x5  
  73  12:46  Drone x7  
  73  12:47  Ultralisk Cavern, Hydralisk x3  
  73  12:48  Hydralisk x3  
  90  13:00  Drone  
  90  13:04  Extractor x2  
  86  13:10  Spine Crawler  
  86  13:11  Spine Crawler  
Show
View Real Time Build Order
Export as new Build Order

Weatherwax Terran - Winner!

Build Orders: Gas First Reaper Expand, Mech 

Get SALT Encoding   

  12  0:00  SCV  
  13  0:13  SCV  
  14  0:18  Supply Depot  
  14  0:25  SCV  
  15  0:29  Refinery  
  15  0:39  SCV  
  16  0:45  Barracks  
  16  0:51  SCV  
  17  1:03  SCV  
  18  1:15  SCV  
  19  1:32  Orbital Command  
  19  1:33  Reaper  
  20  1:44  Command Center  
  20  1:59  SCV  
  21  2:03  Factory  
  21  2:10  Barracks Reactor, Supply Depot  
  21  2:14  SCV  
  22  2:26  SCV  
  23  2:38  SCV  
  23  2:52  Starport  
  23  2:54  Refinery  
  23  2:55  Hellion x2  
  23  2:56  Orbital Command  
  27  3:01  Barracks Tech Lab  
  27  3:09  SCV  
  28  3:16  Hellion x2  
  32  3:21  SCV  
  32  3:26  Orbital Command  
  33  3:40  Command Center  
  33  3:44  Banshee  
  33  3:45  SCV  
  33  4:27  SCV  
  33  4:30  SCV  
  35  4:38  Refinery  
  35  4:39  SCV  
  35  4:42  SCV, Factory  
  35  4:45  Factory  
  37  4:47  Factory  
  37  4:51  SCV  
  38  4:53  Starport Reactor  
  38  4:54  SCV  
  37  5:01  SCV, Hellion x2  
  37  5:03  SCV  
  37  5:06  SCV  
  44  5:12  Refinery  
  44  5:15  Orbital Command, SCV  
  44  5:19  SCV  
  46  5:27  SCV  
  46  5:28  Armory  
  47  5:29  Factory Tech Lab  
  47  5:35  Armory  
  47  5:36  Factory Tech Lab  
  47  5:40  SCV, Engineering Bay  
  48  5:43  SCV  
  48  5:44  SCV  
  50  5:52  SCV, Infernal Pre-Igniter  
  50  5:55  SCV  
  52  5:59  SCV  
  53  6:04  SCV  
  53  6:08  SCV  
  55  6:11  Supply Depot  
  55  6:12  SCV, Supply Depot  
  55  6:16  SCV  
  57  6:20  SCV  
  57  6:22  Supply Depot  
  57  6:24  SCV, Terran Vehicle Weapons Level 1  
  57  6:25  Terran Vehicle And Ship Armor Level 1  
  59  6:28  SCV  
  60  6:41  SCV x2  
  60  6:44  Starport  
  60  6:46  Viking x2  
  66  6:53  SCV  
  67  7:10  Hellion x2, Siege Tank x2  
  67  7:11  Orbital Command, Siege Tank  
  67  7:12  SCV x2  
  82  7:18  Supply Depot  
  82  7:19  Supply Depot  
  82  7:21  Viking x2  
  82  7:22  Supply Depot  
  86  7:23  Starport Tech Lab  
  86  7:24  SCV x2  
  88  7:36  SCV x2  
  90  7:38  Missile Turret  
  90  7:39  SCV  
  91  7:44  Refinery, Siege Tank x2  
  91  7:48  SCV  
  98  7:56  SCV x2  
  100  8:00  Raven  
  100  8:02  Viking x2  
  100  8:05  Hellion x2  
  110  8:09  Supply Depot  
  110  8:11  SCV x3  
  113  8:18  Refinery  
  113  8:23  SCV x2  
  115  8:30  Siege Tank x2  
  115  8:33  Supply Depot  
  115  8:34  Missile Turret, Supply Depot  
  121  8:36  Terran Vehicle Weapons Level 2  
  121  8:39  SCV  
  122  9:04  SCV x3, Sensor Tower  
  125  9:13  Command Center  
  125  9:16  SCV x2  
  127  9:25  Viking x2  
  127  9:26  Raven  
  127  9:31  SCV  
  134  9:42  SCV  
  134  9:43  SCV x2  
  137  9:52  Command Center  
  137  9:54  SCV  
  137  9:57  Supply Depot  
  137  9:59  Supply Depot  
  138  10:02  Command Center  
  138  10:04  Factory  
  138  10:05  Terran Vehicle And Ship Armor Level 2, Command Center  
  138  10:07  Factory, Command Center x2  
  138  10:14  Thor  
  138  10:18  Thor  
  138  10:20  Supply Depot  
  150  10:21  Supply Depot  
  150  10:35  Viking x2  
  154  10:36  Raven  
  154  10:37  Siege Tank  
  154  10:39  Hellion  
  161  10:45  Refinery  
  161  10:49  Refinery  
  161  10:53  Factory Tech Lab x2  
  161  11:09  Missile Turret x2  
  161  11:11  Missile Turret  
  161  11:18  Orbital Command  
  161  11:19  Orbital Command  
  161  11:20  Orbital Command x2  
  161  11:37  Siege Tank x5  
  161  11:38  Viking x2  
  180  11:43  Orbital Command  
  180  11:47  Viking  
  182  11:55  Planetary Fortress  
  182  12:06  Hellion x2  
  172  12:42  Hellion x2  
  172  12:44  Siege Tank x5  
  187  12:57  Viking x3  
  193  13:05  Hellion x2  
  197  13:07  Supply Depot x2  
Show
View Real Time Build Order
Export as new Build Order

Rhano Terran - Winner!

Build Orders: Gas First Reaper Expand, Hellion Banshee 

Get SALT Encoding   

  12  0:00  SCV  
  13  0:12  SCV  
  14  0:18  Supply Depot  
  14  0:24  SCV  
  15  0:34  Refinery  
  15  0:39  SCV  
  16  0:45  Barracks  
  16  0:51  SCV  
  17  1:03  SCV  
  18  1:16  SCV  
  19  1:41  Reaper  
  19  1:42  Orbital Command  
  20  1:47  Command Center  
  20  1:56  Factory  
  20  2:04  Refinery  
  20  2:10  SCV  
  21  2:23  Barracks Reactor  
  21  2:28  Supply Depot  
  21  2:29  SCV  
  22  2:41  SCV  
  23  2:44  Starport  
  23  2:53  SCV  
  24  3:01  Orbital Command  
  24  3:07  Hellion x2  
  24  3:09  SCV  
  29  3:15  Barracks Tech Lab  
  29  3:21  SCV  
  30  3:33  Hellion x2  
  34  3:40  SCV x2  
  36  3:42  Banshee, Cloaking Field  
  39  3:52  SCV x2  
  39  3:54  Marine  
  42  3:56  Hellion x2  
  43  4:04  SCV  
  44  4:11  SCV  
  44  4:16  SCV  
  46  4:21  Barracks  
  46  4:22  Barracks  
  46  4:38  SCV  
  46  4:50  Barracks Tech Lab  
  46  4:53  Supply Depot  
  46  4:55  Supply Depot  
  46  4:57  Banshee  
  47  5:10  Barracks Reactor x2  
  47  5:14  SCV  
  47  5:15  SCV  
  47  5:16  Marine, Command Center, Stimpack  
  50  5:27  SCV x2  
  52  5:30  Engineering Bay  
  52  5:31  Engineering Bay  
  52  5:37  Marine  
  52  5:39  SCV  
  52  5:40  Widow Mine x2  
  52  5:50  Marine x2  
  52  5:51  Marine x2  
  52  5:54  Marine  
  53  6:03  SCV x2  
  55  6:15  SCV  
  53  6:38  Marine  
  53  6:39  Marine x4  
  58  6:40  Widow Mine  
  58  6:41  Widow Mine  
  59  6:47  SCV x2  
  59  6:48  Orbital Command  
  61  6:55  Barracks x2, Supply Depot  
  61  6:56  Marine  
  61  6:57  Refinery x2, Marine, Supply Depot  
  61  6:59  SCV  
  61  7:00  SCV  
  65  7:06  Supply Depot  
  65  7:10  Combat Shield  
  65  7:16  Terran Infantry Weapons Level 1  
  65  7:17  Terran Infantry Armor Level 1  
  65  7:21  Missile Turret  
  65  7:22  SCV x2  
  67  7:24  Missile Turret  
  67  7:26  SCV  
  67  7:27  Marine x4  
  72  7:31  Marine  
  72  7:32  Siege Tank  
  72  7:33  Medivac  
  72  7:34  SCV x2  
  80  7:37  Medivac  
  80  7:38  SCV  
  80  7:42  Supply Depot  
  80  7:43  Barracks Reactor x2  
  83  7:45  Marine  
  83  7:46  SCV x2  
  83  7:47  Orbital Command  
  86  7:59  Supply Depot  
  86  8:01  Factory  
  86  8:03  Marine x5  
  86  8:04  Missile Turret, Siege Tank  
  94  8:11  SCV x2  
  96  8:13  SCV  
  96  8:16  Medivac x2  
  96  8:18  Sensor Tower  
  96  8:19  Supply Depot  
  101  8:20  Marine x6, Supply Depot  
  101  8:21  Marine  
  101  8:23  SCV x2  
  101  8:25  SCV  
  111  8:34  Armory  
  111  8:35  SCV  
  111  8:36  Missile Turret x2  
  112  8:42  Marine, Siege Tank  
  112  8:43  Marine  
  112  8:44  Missile Turret  
  112  8:46  SCV x2, Medivac, Missile Turret  
  121  8:52  Marine x4, Medivac  
  121  8:55  Factory Tech Lab  
  127  9:05  Marine x5  
  132  9:14  Siege Tank  
  135  9:34  Marine  
  135  9:35  Marine x5  
  141  9:40  Supply Depot x2  
  141  9:42  Supply Depot  
  141  9:43  Command Center  
  141  9:47  Refinery x2  
  141  9:55  Terran Infantry Weapons Level 2  
  141  10:01  Marine x3  
  141  10:02  SCV x2, Marine, Medivac x2, Siege Tank x2  
  141  10:05  Terran Infantry Armor Level 2  
  157  10:11  SCV  
  157  10:12  Barracks  
  157  10:14  SCV x2, Barracks  
  160  10:15  Barracks  
  160  10:27  Marine x3  
  160  10:28  Marine x2  
  165  10:36  Marine x3  
  165  10:37  Marine  
  165  10:38  Siege Tank  
  165  10:39  Siege Tank  
  158  10:43  Medivac  
  158  10:45  Marine x3  
  158  10:46  Marine x2  
  165  10:53  Supply Depot  
  165  10:54  Concussive Shells  
  165  10:55  Supply Depot  
  165  10:56  Starport  
  165  11:11  Siege Tank x2  
  171  11:13  Barracks Reactor  
  171  11:14  Barracks Reactor x2, Marine x3  
  171  11:15  Marine x6, Missile Turret  
  177  11:33  Marine  
  177  11:34  Marine x3  
  177  11:35  Marauder  
  177  11:39  Marine x2  
  183  11:40  Marine x2, Missile Turret  
  183  11:41  Starport Reactor  
  183  11:42  Missile Turret  
  187  11:47  Supply Depot x2, Fusion Core  
  187  11:48  Liberator x2  
  187  11:50  Siege Tank  
  196  12:06  Marine x3  
  196  12:08  Marine  
  196  12:09  Siege Tank  
  200  12:33  Marine  
  200  12:38  Marine  
  200  12:42  Marine x2  
  200  12:47  Refinery, Marine x3  
  200  12:48  Marine  
  200  12:50  Marine  
  200  12:51  Refinery  
Tags
 
Add a new tag
Caveats
  • Supply blocks, unpowered buildings, or Contaminate may cause inaccurate times.
  • Supply counts are checked every 10 seconds.